 Dungeon Crawl Stone Soup version 0.31-a0-1202-ga8fea8b (webtiles) character file.

Game seed: 12851325031053514047

2159193 Kearsarge the Conqueror (level 25, 304/304 HPs)
             Began as a Merfolk Fighter on Dec 12, 2023.
             Was an Initiate of Gozag.
             Escaped with the Orb
             ... and 3 runes!
             The game lasted 01:23:00 (41336 turns).

Kearsarge the Conqueror (Merfolk Fighter)          Turns: 41336, Time: 01:23:01

Health: 304/304    AC: 40    Str: 28    XL:     25   Next: 89%
Magic:  25/25      EV: 20    Int: 10    God:    Gozag
Gold:   471        SH: 22    Dex: 10    Spells: 24/24 levels left

rFire   + + .        Q - +8 demon trident "Rift" {distort, reach+}
rCold   + + .        s - +4 tower shield {rC+}
rNeg    + + +        (body armour currently unavailable)
rPois   ∞            d - +0 helmet of Cefer {rN+ Int+2}
rElec   +            M - +2 cloak {rPois}
rCorr   +            (gloves currently unavailable)
SInv    .            (boots currently unavailable)
Will    +++..        D - amulet "Kemutaw" {Spirit Fly rC+ Regen+ Stlth-} Stlth
                     K - ring of willpower
HPRegen 1.50/turn    E - ring of Kudea {rF+ rN+ Will+ rCorr Dex-5}
MPRegen 0.19/turn

%: clarity, guardian spirit
@: statue-form, flying, studying 2 skills, very slow
A: slow and powerful, torment resistance 1, boosted hp, (nimble swimmer 2),
mertail, clarity, fire resistance 1, high MP 1, strong 1, wild magic 1
0: Orb of Zot
}: 3/15 runes: serpentine, barnacled, silver
a: Begin Untransformation, Renounce Religion, Potion Petition, Call Merchant,
Bribe Branch


You escaped.
You worshipped Gozag.
Gozag was aware of your devotion.
You were a living statue of rough stone.
You visited 10 branches of the dungeon, and saw 48 of its levels.
You visited 1 bazaar.
You also visited: Bailey, Gauntlet, Ice Cave and Wizlab.

You collected 21809 gold pieces.
You spent 7807 gold pieces at shops.
You paid 13531 gold pieces to Gozag.

Inventory:

Hand Weapons
 p - a +4 trishula of holy wrath
 Q - the +8 demon trident "Rift" (weapon) {distort, reach+}
   (You bought it in a shop on level 4 of the Lair of Beasts)
Missiles
 W - 4 throwing nets
Armour
 d - the +0 helmet of Cefer (worn) {rN+ Int+2}
   (You acquired it on level 1 of the Depths)

   Int+2:     It affects your intelligence (+2).
   rN+:       It protects you from negative energy.
 s - a +4 tower shield of cold resistance (worn)
 M - a +2 cloak of poison resistance (worn)
Jewellery
 D - the amulet "Kemutaw" (around neck) {Spirit Fly rC+ Regen+ Stlth-}
   (You bought it in a shop on level 2 of the Orcish Mines)

   [amulet of guardian spirit]

   Spirit:    It causes incoming damage to be divided between your reserves of
   health and magic.
   rC+:       It protects you from cold.
   Fly:       It grants you flight.
   Regen+:    It increases your rate of health regeneration.
   Stlth-:    It makes you less stealthy.
 E - the ring of Kudea (right fist) {rF+ rN+ Will+ rCorr Dex-5}
   (You bought it in a shop on level 1 of the Vaults)

   [ring of resist corrosion]

   Dex-5:     It affects your dexterity (-5).
   rF+:       It protects you from fire.
   rN+:       It protects you from negative energy.
   Will+:     It increases your willpower.
   rCorr:     It protects you from acid and corrosion.
 H - a ring of see invisible
 I - a ring of flight
 K - a ring of willpower (left fist)
Talismans
 Z - a granite talisman (active)
Wands
 v - a wand of charming (82)
 y - a wand of roots (60)
 B - a wand of polymorph (18)
 J - a wand of digging (17)
 P - a wand of acid (23)
 X - a wand of mindburst (35)
Scrolls
 e - 19 scrolls of teleportation
 f - 2 scrolls of poison
 g - 8 scrolls of immolation
 h - 9 scrolls of vulnerability
 j - 5 scrolls of blinking
 q - 3 scrolls of silence
 t - 4 scrolls of fear
 A - 7 scrolls of noise
 F - 3 scrolls of fog
 N - 5 scrolls of torment
 O - 20 scrolls of identify
 R - a scroll of enchant weapon
 Y - 5 scrolls of amnesia
Potions
 b - 13 potions of attraction
 i - 6 potions of mutation
 k - 12 potions of curing
 m - 5 potions of cancellation
 o - 8 potions of enlightenment
 u - 3 potions of haste
 w - 9 potions of lignification
 z - 3 potions of magic
 C - 13 potions of heal wounds
 G - 2 potions of might
 L - a potion of resistance
 T - 4 potions of brilliance
 U - 5 potions of invisibility
 V - a potion of ambrosia {unknown}
Miscellaneous
 a - a lightning rod (4/4)
 c - a phantom mirror
 S - a phial of floods


   Skills:
 O Level 27 Fighting
 + Level 24.3 Polearms
 - Level 2.1 Armour
 - Level 24.7 Dodging
 - Level 15.6 Shields
 - Level 24.0 Shapeshifting


You had 24 spell levels left.
You didn't know any spells.
Your spell library contained the following spells:

 Spells                   Type           Power      Damage    Failure   Level
 Kiss of Death            Conj/Necr      0%         2d5       69%         1
 Shock                    Conj/Air       0%         1d3       69%         1
 Sting                    Tmut/Pois      0%         1d3       69%         1
 Summon Small Mammal      Summ           0%         N/A       69%         1
 Ensorcelled Hibernation  Hex/Ice        0%         N/A       82%         2
 Jinxbite                 Hex            0%         N/A       82%         2
 Lesser Beckoning         Tloc           0%         N/A       82%         2
 Scorch                   Fire           0%         2d5       82%         2
 Confusing Touch          Hex            0%         N/A       96%         3
 Dazzling Flash           Conj/Hex       0%         N/A       96%         3
 Gell's Gravitas          Tloc           0%         N/A       96%         3
 Hailstorm                Conj/Ice       0%         3d5       96%         3
 Mephitic Cloud           Conj/Pois/Air  0%         N/A       96%         3
 Ozocubu's Armour         Ice            0%         N/A       96%         3
 Swiftness                Air            0%         N/A       96%         3
 Teleport Other           Tloc           0%         N/A       96%         3
 Tukima's Dance           Hex            0%         N/A       96%         3
 Volatile Blastmotes      Fire/Tloc      0%         2d10      96%         3
 Airstrike                Air            0%         2d(0-16)  100%        4
 Anguish                  Hex/Necr       0%         N/A       100%        4
 Animate Armour           Summ/Erth      0%         N/A       100%        4
 Dispel Undead            Necr           0%         3d6       100%        4
 Flame Wave               Conj/Fire      0%         2d4       100%        4
 Leda's Liquefaction      Hex/Erth       0%         N/A       100%        4
 Manifold Assault         Tloc           0%         N/A       100%        4
 Passage of Golubria      Tloc           0%         N/A       100%        4
 Summon Ice Beast         Ice/Summ       0%         N/A       100%        4
 Summon Lightning Spire   Summ/Air       0%         N/A       100%        4
 Vhi's Electric Charge    Tloc/Air       0%         N/A       100%        4
 Alistair's Intoxication  Tmut/Pois      0%         N/A       100%        5
 Arcjolt                  Conj/Air       0%         1d10      100%        5
 Borgnjor's Vile Clutch   Necr/Erth      0%         N/A       100%        5
 Iskenderun's Battlesphe  Conj           0%         2d6       100%        5
 Lee's Rapid Deconstruct  Erth           0%         3d4*      100%        5
 Metabolic Englaciation   Hex/Ice        0%         N/A       100%        5
 Summon Forest            Summ/Tloc      0%         N/A       100%        5
 Summon Mana Viper        Hex/Summ       0%         N/A       100%        5
 Yara's Violent Unravell  Hex/Tmut       0%         3d3       100%        5
 Bombard                  Conj/Erth      0%         9d1       100%        6
 Dispersal                Tloc           0%         N/A       100%        6
 Eringya's Noxious Bog    Tmut/Pois      0%         4d6       100%        6
 Plasma Beam              Fire/Air       0%         2x1d10    100%        6
 Starburst                Conj/Fire      0%         6d3       100%        6
 Summon Cactus Giant      Summ           0%         N/A       100%        6
 Malign Gateway           Summ/Tloc      0%         N/A       100%        7
 Monstrous Menagerie      Summ           0%         N/A       100%        7
 Ozocubu's Refrigeration  Ice            0%         4d7       100%        7
 Spellforged Servitor     Conj/Summ      0%         N/A       100%        7
 Disjunction              Tloc           0%         N/A       100%        8
 Maxwell's Capacitive Co  Air            0%         ∞         100%        8
 Summon Horrible Things   Summ           0%         N/A       100%        8
 Polar Vortex             Ice            0%         N/A       100%        9
 Sublimation of Blood     Necr           Unusable   N/A       N/A         2
 Animate Dead             Necr           Unusable   N/A       N/A         4
 Simulacrum               Ice/Necr       Unusable   N/A       N/A         6

Dungeon Overview and Level Annotations

Branches:
Dungeon (15/15)            Temple (1/1) D:7            Lair (5/5) D:8
 Shoals (4/4) Lair:2        Snake (4/4) Lair:2        Slime (0/5) Lair:5
    Orc (2/2) D:10            Elf (3/3) Orc:2        Vaults (5/5) D:13
  Crypt (0/3) Vaults:2     Depths (4/4) D:15            Zot (5/5) Depths:4
 Bailey (visited)           IceCv (visited)          WizLab (visited)
Gauntlet (visited)

Altars:
Ashenzari
Cheibriados
Dithmenos
Elyvilon
Fedhas
Gozag
Hepliaklqana
Kikubaaqudgha
Makhleb
Nemelex Xobeh
Okawaru
Qazlal
Ru
Sif Muna
Trog
Uskayaw
Vehumet
Wu Jian
Xom
Yredelemnul
Zin
The Shining One
Jiyva

Shops:
D:5 *   D:6 !?   Orc:1 =?*   Orc:2 =([((   Elf:1 *   Elf:3 ?!   Lair:1 ?
Lair:4 (   Snake:1 [   Snake:3 =:=   Vaults:1 =   Vaults:2 (   Vaults:4 *:
Vaults:5 :   Depths:4 :*(

Portals:
Abyss: Depths:3
Pandemonium: Depths:1
Trove: D:12 (show abyssal rune of Zot)

Annotations:
D:3 1 runed translucent door, Crazy Yiuf
D:5 3 runed translucent doors, jinorc's ghost, novice MiFi
Lair:2 exclusion: oklob plant
Elf:1 1 runed translucent door
Elf:2 3 runed translucent doors
Abyss:1 Harold; Ilsuiw; Jory; Kauz's ghost, adept HOBr; Snorg; Vashnia


Innate Abilities, Weirdness & Mutations

You are a living statue of rough stone.
Your actions are slow, but your melee attacks are powerful.
You are resistant to unholy torment.
Your maximum health is greatly increased.
Your equipment is partially melded.
You are immune to poison.
((You are very nimble when in or above water. (Stealth+, EV+, Speed+++)))
Your lower body shifts to a powerful aquatic tail in water.
You possess an exceptional clarity of mind.
Your flesh is heat resistant. (rF+)
You have an increased reservoir of magic. (+10% MP)
Your muscles are strong. (Str +4, Int/Dex -1)
Your spells are a little harder to cast, but a little more powerful.


Message History

No target in view!
No target in view!
No target in view!
What level of the Dungeon? (default 1, ? - help)
There is a stone staircase leading up here.
You fly upwards.
There is a stone staircase leading down here.
There is a stone staircase leading up here.
You fly upwards.
Level annotation: 3 runed translucent doors, jinorc's ghost, novice MiFi
There is a stone staircase leading down, spattered with blood here.
There is an entrance to Zuoxyny's Assorted Antiques here.
There is a stone staircase leading up here.
You fly upwards.
There is a stone staircase leading down here.
There is a stone staircase leading up, spattered with blood here.
You fly upwards.
Level annotation: 1 runed translucent door, Crazy Yiuf
There is a stone staircase leading down here.
There is a stone staircase leading up here.
You fly upwards.
There is a stone staircase leading down here.
There is a stone staircase leading up here.
You fly upwards.
There is a stone staircase leading down here.
Blink to where?
Press: ? - help, Q - select action, (/) - cycle Dir - move target
As you read the scroll of blinking, it crumbles to dust.
Blink to where?
Press: ? - help, Q - select action, (/) - cycle Dir - move target
As you read the scroll of blinking, it crumbles to dust.
Aiming: Dig
Press: ? - help, Q - select action, (/) - cycle Shift-Dir - straight line You can't see that place. [a rock wall.]
The rock shatters into small pieces.
Blink to where?
Press: ? - help, Q - select action, (/) - cycle Dir - move target
As you read the scroll of blinking, it crumbles to dust.
You have escaped!

#........# #.# #....... ####
##.##.##.####.#########.## .>.##
#.#..##.................. ....#
#.#.########.#########.#. ...§#
#...# ....# #.....
.##.######..#########.#########.#
.##.#.......##......#.#.#.....#.#
......####.###.###..#.#.#.###.#.#
##....####.###..8.#.#.#.#...#.#.#
##............##.#.#.#.#####.#.#
##.#....#.##....#.#.#.......#.#
###.###.....######.#.#.#######.#
##...# ##..#..(.................#
#†.### ##...#.##############.#.#
#.## ###.#.#..........#...#.#
#..## #.#.#.########.#.#.#..
##..## #.#.#.#........#.#.#.#


There were no monsters in sight!

Vanquished Creatures
  An ancient lich (Vaults:5)
  An orb of fire (Zot:4)
  A juggernaut (Depths:4)
  Mennas (Vaults:3)
  A curse toe (Zot:3)
  5 golden dragons
  An electric golem (WizLab)
  8 tentacled monstrosities
  3 titans (Vaults:5)
  2 Orb Guardians (Zot:5)
  A lich (Vaults:5)
  A deep elf blademaster (Elf:3)
  5 quicksilver dragons
  Polyphemus (Shoals:2)
  2 deep elf master archers (Elf:3)
  A sphinx (Vaults:5)
  Agnes (Elf:2)
  A tengu reaver (Vaults:5)
  6 storm dragons
  2 shadow dragons (Vaults:5)
  The ghost of Piokkuf the Brawler, a journeyman TrDe of Okawaru (D:14)
  11 nagarajas (Snake:4)
  4 fire giants
  A frost giant (WizLab)
  A ghost moth (Zot:5)
  2 draconian scorchers
  4 draconian knights
  10 deep elf sorcerers
  15 vault wardens
  A deep elf elementalist (Elf:3)
  2 draconian shifters (Zot:1)
  12 ironbound preservers
  2 orc warlords (Vaults:1)
  2 spriggan defenders (Depths:1)
  A draconian annihilator (Zot:4)
  9 very ugly things
  7 stone giants
  6 war gargoyles
  7 ironbound thunderhulks
  5 green draconians
  3 vampire knights
  3 black draconians
  3 formless jellyfish
  A demonspawn black sun (D:7)
  Nessos (D:15)
  3 deep elf demonologists (Elf:3)
  4 red draconians
  3 yellow draconians (Zot:1)
  5 dire elephants
  6 deep elf annihilators
  5 white draconians
  A purple draconian (Zot:1)
  5 deep elf death magi (Elf:3)
  8 ettins
  A green death (Depths:4)
  An entropy weaver (Vaults:5)
  3 deep elf high priests
  Josephine (Orc:1)
  2 fire dragons
  11 merfolk impalers
  2 merfolk javelineers (Shoals:4)
  13 yaktaur captains
  A spectral tengu (D:14)
  Fannar (Lair:1)
  Erolcha (Orc:2)
  24 vault guards
  5 salamander tyrants
  A hell beast (Depths:1)
  A great orb of eyes (Vaults:4)
  2 hydras
  A spectral sphinx (D:14)
  An ice dragon (Depths:1)
  8 peacekeepers
  A caustic shrike simulacrum (IceCv)
  2 spriggan air magi
  2 death knights (Vaults:2)
  5 catoblepae
  2 ogre magi
  20 centaur warriors
  9 ironbound frosthearts
  2 merfolk avatars
  Erica (Lair:1)
  9 anacondas
  An alligator snapping turtle (Shoals:4)
  3 boulder beetles
  6 satyrs
  5 deep troll earth magi
  5 two-headed ogres
  3 tengu warriors (D:10)
  20 naga warriors
  23 dancing weapons
  12 death yaks
  A merfolk aquamancer (Shoals:2)
  4 spriggan berserkers
  A titan zombie (Vaults:4)
  4 orc high priests
  4 deep elf knights
  A storm dragon zombie (D:14)
  25 naga sharpshooters
  4 sun demons
  A soul eater (Depths:4)
  7 shock serpents
  6 skeletal warriors (D:14)
  6 sea snakes
  A goliath frog (shapeshifter) (Vaults:5)
  2 salamander mystics (Snake:4)
  A goliath frog (Lair:5)
  Amaemon (Lair:1)
  3 iron trolls
  A deep troll (shapeshifter) (Vaults:5)
  33 deep trolls
  3 spriggan simulacra (Elf:2)
  A sea snake (shapeshifter) (Vaults:5)
  10 deep elf archers
  A flayed ghost (Depths:1)
  14 ironbound convokers
  3 arcanists
  12 harpies
  22 deep elf pyromancers
  6 naga ritualists
  14 orc knights
  A necromancer (Gauntlet)
  Pikel (D:7)
  8 lindwurms
  A wolf spider zombie (D:14)
  13 mana vipers
  An iron dragon zombie (D:14)
  19 ugly things
  14 salamanders
  17 deep elf zephyrmancers
  6 orc sorcerers
  7 manticores
  6 cyclopes
  6 centaur zombies (D:14)
  A stone giant zombie (D:14)
  14 fauns
  8 merfolk sirens
  10 moths of wrath
  14 elephants
  Maurice (D:11)
  14 vault sentinels
  9 guardian serpents
  A moth of wrath (shapeshifter) (Depths:3)
  29 black mambas
  2 water nymphs
  8 naga magi
  A water nymph (shapeshifter) (Vaults:5)
  A molten gargoyle (WizLab)
  A rust devil (Depths:4)
  23 cane toads
  A smoke demon (D:7)
  Jeremiah (D:7)
  11 gargoyles
  A torpor snail (shapeshifter) (Depths:4)
  A cane toad (shapeshifter) (D:13)
  An orange demon (Lair:1)
  Maggie (Lair:1)
  31 yaktaurs
  An efreet (D:14)
  4 kobold demonologists
  3 freezing wraiths
  5 rime drakes
  8 komodo dragons
  A tengu conjurer (D:14)
  A golden dragon simulacrum (Vaults:4)
  An anaconda simulacrum (IceCv)
  6 trolls
  A polar bear (Lair:4)
  3 tyrant leeches (Lair:5)
  22 merfolk
  Prince Ribbit (D:5)
  6 meliai
  3 alligator simulacra
  Grinder (D:5)
  5 wind drakes
  38 blink frogs
  3 hornets (Depths:1)
  An ettin zombie (D:14)
  6 snapping turtles
  3 fire giant simulacra (D:14)
  11 dream sheep
  2 meliai zombies (D:14)
  A stone giant simulacrum (D:14)
  A ynoxinul (Depths:1)
  4 shadows
  An air elemental (Elf:3)
  3 spriggans (Depths:1)
  4 vampires
  4 centaur simulacra
  An elf simulacrum (Vaults:4)
  14 slime creatures
  4 fire elementals
  55 yaks
  A culicivora (shapeshifter) (D:14)
  2 wyverns
  11 water elementals
  A yak (shapeshifter) (D:14)
  A dire elephant simulacrum (IceCv)
  8 wraiths
  10 basilisks
  A fire bat (shapeshifter) (Elf:2)
  Eustachio (D:5)
  A human (shapeshifter) (D:13)
  3 redbacks (D:15)
  13 vampire mosquitoes
  A neqoxec (Depths:4)
  A minotaur simulacrum (Elf:2)
  5 wargs
  37 nagas
  2 harpy simulacra (IceCv)
  A hydra simulacrum (Gauntlet)
  3 acid dragons
  13 water moccasins
  Duvessa (D:4)
  4 ice beasts
  A human zombie (Vaults:4)
  46 orc warriors
  A black bear (D:6)
  19 wolves
  3 boggarts (D:12)
  6 ogres
  8 centaurs
  2 lemures (D:7)
  3 phantoms
  6 kobold brigands
  21 bullfrogs
  A gnoll sergeant (D:9)
  Blork the orc (D:5)
  7 earth elementals
  A deep troll simulacrum (Elf:2)
  2 scorpions
  A hornet simulacrum (Gauntlet)
  Dowan (D:4)
  5 wights (D:10)
  3 lindwurm simulacra
  15 killer bees
  9 howler monkeys
  10 electric eels
  A wyvern simulacrum (Gauntlet)
  32 orc priests
  5 hounds
  3 jellies
  5 sleepcaps
  Ijyb (D:5)
  60 orc wizards
  3 iguanas
  A lightning spire (WizLab)
  Natasha (thrice) (D:3)
  14 gnolls
  12 adders
  3 shadow imps
  2 white imps
  2 ufetubi (D:6)
  3 worms (D:4)
  3 dart slugs
  122 orcs
  5 ball pythons
  8 bats
  8 endoplasms
  6 giant cockroaches
  8 hobgoblins
  4 quokkas
  3 frilled lizards
  4 goblins
  33 kobolds
  7 rats
  A tentacle (Shoals:2)
1770 creatures vanquished.

Vanquished Creatures (collateral kills)
  A dread lich (Zot:5)
  A tentacled monstrosity (Zot:4)
  9 Orb Guardians
  A quicksilver dragon (Zot:1)
  An Executioner (Zot:4)
  A draconian monk (Zot:4)
  A draconian knight (Zot:1)
  A fire giant (Vaults:5)
  A ghost moth (Zot:4)
  A cacodemon (Zot:1)
  An ironbound preserver (Vaults:5)
  A demonspawn corrupter (Zot:1)
  2 green draconians
  A green death (Zot:2)
  A deep troll (Vaults:5)
  3 moths of wrath
  A vault sentinel (Vaults:5)
28 creatures vanquished.

Vanquished Creatures (others)
  A dread lich (Zot:5)
  A golden dragon (Vaults:5)
  An electric golem (Zot:5)
  9 Orb Guardians (Zot:5)
  A quicksilver dragon (Zot:5)
  A deep elf elementalist (Elf:2)
  A draconian scorcher (Zot:5)
  A red draconian (Zot:5)
  A deep elf knight (Elf:1)
  An orc knight (D:10)
  2 moths of wrath (Zot:5)
  A black mamba (Snake:4)
  A bullfrog (Lair:2)
  An orc wizard (Orc:2)
  3 spectral weapons
  3 tentacles (Shoals:2)
29 creatures vanquished.

Grand Total: 1827 creatures vanquished

Notes
Turn   | Place    | Note
-------+----------+-------------------------------------------
     0 | D:1      | Kearsarge the Merfolk Fighter began the quest for the Orb.
     0 | D:1      | Reached XP level 1. HP: 18/18 MP: 1/1
   151 | D:1      | Reached XP level 2. HP: 24/24 MP: 2/2
   362 | D:1      | Found a faded altar of an unknown god.
   364 | D:1      | You fall into a shaft and drop 1 floor!
   598 | D:2      | Reached XP level 3. HP: 30/30 MP: 3/3
   818 | D:2      | Reached skill level 4 in Fighting
   883 | D:2      | Reached XP level 4. HP: 36/37 MP: 4/4
   896 | D:2      | Reached skill level 5 in Polearms
  1341 | D:3      | Noticed Natasha
  1346 | D:3      | Killed Natasha
  1369 | D:3      | Noticed Natasha
  1372 | D:3      | Killed Natasha
  1373 | D:3      | Reached XP level 5. HP: 43/43 MP: 5/5
  1560 | D:3      | Noticed Natasha
  1562 | D:3      | Killed Natasha
  1612 | D:3      | Reached skill level 5 in Fighting
  1612 | D:3      | Reached XP level 6. HP: 41/51 MP: 6/6
  1722 | D:3      | Found a runed translucent door.
  1723 | D:3      | Noticed Crazy Yiuf
  1997 | D:4      | Noticed Dowan
  1998 | D:4      | Noticed Duvessa
  2081 | D:4      | Found a white marble altar of Elyvilon.
  2320 | D:4      | Killed Duvessa
  2321 | D:4      | Reached XP level 7. HP: 31/57 MP: 7/7
  2324 | D:4      | Killed Dowan
  2685 | D:5      | Entered Level 5 of the Dungeon
  2703 | D:5      | Reached skill level 6 in Fighting
  2761 | D:5      | Found Zuoxyny's Assorted Antiques.
  2822 | D:5      | Bought a scroll labelled KURUHO BOKLA for 33 gold pieces
  2822 | D:5      | Bought a scroll labelled GARAUVI ZYJA for 33 gold pieces
  2846 | D:5      | Noticed Grinder
  2864 | D:5      | Killed Grinder
  2865 | D:5      | Reached skill level 10 in Polearms
  2865 | D:5      | Reached XP level 8. HP: 65/65 MP: 8/8
  2899 | D:5      | Noticed Blork the orc
  2909 | D:5      | Killed Blork the orc
  2956 | D:5      | Found a runed translucent gate.
  2970 | D:5      | Found a runed translucent gate.
  2971 | D:5      | Found a runed translucent gate.
  2974 | D:5      | Noticed jinorc's ghost (novice MiFi)
  2990 | D:5      | Noticed Eustachio
  3000 | D:5      | Killed Eustachio
  3001 | D:5      | Reached skill level 7 in Fighting
  3026 | D:5      | Noticed Ijyb
  3035 | D:5      | Killed Ijyb
  3167 | D:5      | Noticed Prince Ribbit
  3179 | D:5      | Killed Prince Ribbit
  3180 | D:5      | Found an iron altar of Okawaru.
  3540 | D:5      | Reached XP level 9. HP: 47/74 MP: 9/9
  3603 | D:6      | Reached skill level 8 in Fighting
  3762 | D:6      | Found the +1 Delatra's gloves {ID++}
  3860 | D:6      | Found a broken altar of Ashenzari.
  3863 | D:6      | Found a bloodstained altar of Trog.
  3867 | D:6      | Found a shimmering altar of Xom.
  3946 | D:6      | Found Varaapn's Magic Scroll Shop.
  3986 | D:6      | Bought a scroll of teleportation for 39 gold pieces
  3986 | D:6      | Bought a scroll of identify for 26 gold pieces
  3986 | D:6      | Bought a scroll of identify for 26 gold pieces
  3989 | D:6      | Acquired the +0 pair of boots "Fiexoeghai" {Rampage Regen+
                  | Str-2}
  4075 | D:6      | Found a glowing silver altar of Zin.
  4095 | D:6      | Found Secon's Distillery.
  4101 | D:6      | Bought a potion of haste for 140 gold pieces
  4299 | D:7      | Noticed Pikel
  4330 | D:7      | Killed Pikel
  4331 | D:7      | Reached skill level 9 in Fighting
  4493 | D:7      | Noticed Jeremiah
  4508 | D:7      | Killed Jeremiah
  4509 | D:7      | Reached XP level 10. HP: 54/83 MP: 10/10
  4567 | D:7      | Found a flagged portal.
  4639 | D:7      | Reached skill level 15 in Polearms
  4645 | Bailey   | Entered a bailey
  4768 | Bailey   | Reached skill level 10 in Fighting
  4960 | Bailey   | Noticed an orc knight
  5059 | Bailey   | Killed an orc knight
  5483 | D:7      | Found a staircase to the Ecumenical Temple.
  5492 | Temple   | Entered the Ecumenical Temple
  5682 | D:8      | Found a staircase to the Lair.
  6023 | D:8      | Reached XP level 11. HP: 91/92 MP: 11/11
  6025 | D:8      | Reached skill level 11 in Fighting
  6643 | Temple   | Became a worshipper of Gozag Ym Sagoz the Greedy
  7084 | D:9      | Found a hide-covered altar of Uskayaw.
  7322 | D:10     | Entered Level 10 of the Dungeon
  7640 | D:6      | Bought 2 potions of invisibility for 224 gold pieces
  7640 | D:6      | Bought 2 potions of might for 112 gold pieces
  7640 | D:6      | Bought a potion of curing for 42 gold pieces
  7774 | D:10     | Noticed a cyclops
  7781 | D:10     | Killed a cyclops
  8362 | D:10     | Reached skill level 12 in Fighting
  8386 | D:10     | Noticed an orc knight
  8387 | D:10     | Noticed a deep elf knight
  8387 | D:10     | Noticed a tengu warrior
  8388 | D:10     | Noticed an orc knight
  8388 | D:10     | Noticed a two-headed ogre
  8388 | D:10     | Noticed a tengu warrior
  8399 | D:10     | Killed an orc knight
  8401 | D:10     | Killed an orc knight
  8409 | D:10     | Killed a deep elf knight
  8416 | D:10     | Killed a tengu warrior
  8420 | D:10     | Noticed a tengu warrior
  8421 | D:10     | Killed a two-headed ogre
  8422 | D:10     | Reached XP level 12. HP: 76/103 MP: 12/12
  8424 | D:10     | Killed a tengu warrior
  8443 | D:10     | Killed a tengu warrior
  8444 | D:10     | Noticed an ettin
  8445 | D:10     | Noticed a deep elf knight
  8453 | D:10     | Killed an ettin
  8459 | D:10     | Killed a deep elf knight
  8475 | D:10     | Found the +5 Lochaber axe {reach-cleave, Poleaxe ^Drain}
  8561 | D:10     | Found a staircase to the Orcish Mines.
  8693 | D:11     | Reached skill level 13 in Fighting
  8801 | D:11     | Noticed Maurice
  8810 | D:11     | Something stole a +0 demon trident of flaming
  8813 | D:11     | Something stole 398 gold
  8821 | D:11     | Killed Maurice
  9430 | D:5      | Bought a bronze ring for 165 gold pieces
  9468 | D:6      | Bought a scroll of teleportation for 39 gold pieces
  9468 | D:6      | Bought a scroll of poison for 52 gold pieces
  9563 | Orc:1    | Entered Level 1 of the Orcish Mines
  9627 | Orc:1    | Found Tohat's Magic Scroll Emporium.
  9630 | Orc:1    | Bought a scroll of teleportation for 30 gold pieces
  9630 | Orc:1    | Bought a scroll of fear for 40 gold pieces
  9630 | Orc:1    | Bought a scroll of identify for 20 gold pieces
  9693 | Orc:1    | Found Syne Yra's General Store.
  9702 | Orc:1    | Bought a scroll of fog for 52 gold pieces
  9857 | Orc:2    | Entered Level 2 of the Orcish Mines
  9857 | Orc:2    | Noticed Josephine
  9857 | Orc:2    | Found a shimmering altar of Xom.
 10000 | Orc:2    | Noticed an orc high priest
 10015 | Orc:2    | Killed an orc high priest
 10152 | Orc:1    | Killed Josephine
 10153 | Orc:1    | Reached skill level 14 in Fighting
 10153 | Orc:1    | Reached XP level 13. HP: 110/113 MP: 13/13
 10324 | Orc:2    | Noticed Erolcha
 10343 | Orc:2    | Killed Erolcha
 10417 | Orc:2    | Found a staircase to the Elven Halls.
 10440 | Orc:2    | Found Vuoxyos's Weapon Emporium.
 10440 | Orc:2    | Found Kona's Armour Shoppe.
 10444 | Orc:2    | Found Xianou Copru's Weapon Emporium.
 10444 | Orc:2    | Found Omef's Antique Weapon Shoppe.
 10692 | Orc:2    | Bought the amulet "Kemutaw" {Spirit Fly rC+ Regen+ Stlth-}
                  | for 625 gold pieces
 10921 | Orc:1    | Found Townaulu's Jewellery Shop.
 11194 | Lair:1   | Entered Level 1 of the Lair of Beasts
 11216 | Lair:1   | Noticed Maggie
 11221 | Lair:1   | Noticed Harold
 11236 | Lair:1   | Killed Maggie
 11239 | Lair:1   | Noticed Erica
 11526 | Lair:1   | Got the Elucidation of Generative Ectoplasm
 11531 | Lair:1   | Noticed Amaemon
 11551 | Lair:1   | Killed Amaemon
 11628 | Lair:1   | Killed Erica
 11629 | Lair:1   | Reached skill level 15 in Fighting
 11778 | Lair:1   | Noticed Fannar
 11794 | Lair:1   | Killed Fannar
 11848 | Lair:1   | Bought a scroll of teleportation for 42 gold pieces
 11848 | Lair:1   | Bought a scroll of poison for 56 gold pieces
 11848 | Lair:1   | Bought a scroll of blinking for 105 gold pieces
 11863 | Lair:1   | Bought a scroll of fog for 56 gold pieces
 11877 | Lair:1   | Reached skill level 1 in Dodging
 12357 | Lair:2   | Reached XP level 14. HP: 123/123 MP: 12/14
 12382 | Lair:2   | Reached skill level 5 in Dodging
 12384 | Lair:2   | Reached skill level 5 in Shields
 12589 | Lair:2   | Found a staircase to the Shoals.
 12676 | Lair:2   | Found a blossoming altar of Fedhas.
 12948 | Lair:2   | Found a staircase to the Snake Pit.
 13002 | Lair:2   | Found a shimmering altar of Xom.
 13880 | Orc:2    | Bought a +0 cloak of poison resistance for 144 gold pieces
 14259 | Lair:4   | Reached skill level 10 in Dodging
 14814 | Lair:5   | Entered Level 5 of the Lair of Beasts
 15030 | Lair:5   | Reached XP level 15. HP: 110/129 MP: 11/15
 15184 | Lair:5   | Reached skill level 15 in Dodging
 15361 | Lair:5   | Identified the +2 scale mail "Zaer Kapp" {*Slow rElec rPois
                  | Str+3 Int+5}
 16013 | Lair:5   | Found a viscous altar of Jiyva.
 16013 | Lair:5   | Found a staircase to the Slime Pits.
 16242 | Lair:4   | Bought the +8 demon trident "Rift" {distort, reach+} for
                  | 1943 gold pieces
 16242 | Lair:4   | Found the +8 demon trident "Rift" {distort, reach+}
 16494 | D:12     | Found a portal to a secret trove of treasure.
 16547 | D:12     | Found a gateway to a bazaar.
 17359 | D:13     | Found a gate leading to a gauntlet.
 17363 | Gauntlet | Entered a Gauntlet
 17363 | Gauntlet | Found a transporter.
 17363 | Gauntlet | Found a transporter.
 17363 | Gauntlet | Found a transporter.
 17363 | Gauntlet | Found a transporter.
 17367 | Gauntlet | Found a transporter.
 17369 | Gauntlet | Found a transporter.
 17377 | Gauntlet | Found a transporter.
 17381 | Gauntlet | Found a transporter.
 17391 | Gauntlet | Found the amulet of the Air {Inacc Air Fly rElec RMsl}
 17393 | Gauntlet | Found a transporter.
 17402 | Gauntlet | Found a transporter.
 17419 | Gauntlet | Found a transporter.
 17423 | Gauntlet | Found a transporter.
 17808 | Gauntlet | Identified the ring "Taos" {rCorr Dex+3}
 18178 | D:13     | Reached XP level 16. HP: 126/136 MP: 12/16
 18431 | D:13     | Found a gate to the Vaults.
 18525 | D:13     | Noticed Snorg
 18545 | D:13     | Banished Snorg
 18873 | D:14     | Identified the +6 quarterstaff "Zoid" {venom, Int+4}
 19242 | D:14     | Found a runed translucent gate.
 19549 | D:14     | Found a runed translucent gate.
 19549 | D:14     | Found a runed translucent gate.
 19549 | D:14     | Noticed Piokkuf's ghost (journeyman TrDe)
 19627 | D:14     | Killed Piokkuf's ghost
 19691 | D:14     | Identified the ring "Qekhaqus" {Ice Str+2 Int-2 Dex+2}
 19771 | D:15     | Entered Level 15 of the Dungeon
 20038 | D:15     | Noticed Nessos
 20046 | D:15     | Killed Nessos
 20415 | D:15     | Found a staircase to the Depths.
 20627 | Bazaar   | Entered a bazaar
 20634 | Bazaar   | Found Ypsist's Weapon Shop.
 20648 | Bazaar   | Found Jeunom Hacogh's Magic Scroll Boutique.
 20656 | Bazaar   | Bought a scroll of blinking for 127 gold pieces
 20656 | Bazaar   | Bought a scroll of fog for 68 gold pieces
 20662 | Bazaar   | Found Xesoe's Antique Armour Shop.
 20670 | Bazaar   | Bought a runed helmet for 240 gold pieces
 20687 | Bazaar   | Found Giadugon's Antique Weapon Boutique.
 20701 | Bazaar   | Found Lepsezol's Assorted Antiques.
 20709 | Bazaar   | Bought a shiny helmet for 157 gold pieces
 20709 | Bazaar   | Bought a scroll of blinking for 157 gold pieces
 20716 | Bazaar   | Found Cugil's Distillery.
 20724 | Bazaar   | Bought 2 potions of cancellation for 224 gold pieces
 20724 | Bazaar   | Bought a potion of haste for 140 gold pieces
 20724 | Bazaar   | Bought a potion of lignification for 42 gold pieces
 20724 | Bazaar   | Bought 2 potions of resistance for 280 gold pieces
 20724 | Bazaar   | Bought a potion of mutation for 112 gold pieces
 20724 | Bazaar   | Bought a potion of heal wounds for 70 gold pieces
 20730 | Bazaar   | Found Buatumej's Distillery.
 20738 | Bazaar   | Bought a potion of lignification for 36 gold pieces
 20738 | Bazaar   | Bought 2 potions of heal wounds for 120 gold pieces
 20738 | Bazaar   | Bought a potion of lignification for 36 gold pieces
 20738 | Bazaar   | Bought a potion of haste for 120 gold pieces
 20852 | Lair:1   | Banished Harold
 20895 | Shoals:1 | Entered Level 1 of the Shoals
 21053 | Shoals:1 | Reached XP level 17. HP: 142/142 MP: 15/17
 21598 | Shoals:2 | Noticed Polyphemus
 21637 | Shoals:2 | Killed Polyphemus
 21871 | Shoals:2 | Noticed Ilsuiw
 21894 | Shoals:2 | Reached skill level 1 in Shapeshifting
 22120 | Shoals:2 | Noticed a kraken
 22126 | Shoals:2 | Banished a kraken
 22289 | Shoals:3 | Reached skill level 5 in Shapeshifting
 22651 | Shoals:4 | Entered Level 4 of the Shoals
 22752 | Shoals:4 | Identified the +0 ring mail of Tuzit {Harm Slay+3}
 23081 | Shoals:4 | Reached skill level 10 in Shapeshifting
 23104 | Shoals:4 | Got the Secrets of Doom
 23151 | Shoals:4 | Got a barnacled rune of Zot
 23406 | Shoals:4 | Found the +3 giant club "Skullcrusher" {speed, Str+7}
 23580 | Shoals:4 | Reached XP level 18. HP: 135/149 MP: 14/18
 24002 | Shoals:1 | Banished Ilsuiw
 24159 | Orc:1    | Bought a granite talisman for 840 gold pieces
 24297 | Snake:1  | Entered Level 1 of the Snake Pit
 24601 | Snake:1  | Found Lyecom's Antique Armour Shop.
 24783 | Snake:2  | Identified the +3 helmet "Ziddeerr" {Int+2 Dex+4}
 25325 | Snake:2  | Reached skill level 15 in Shapeshifting
 25971 | Snake:3  | Found Beraeh's Jewellery Boutique.
 25971 | Snake:3  | Found Gierghiu's Book Shoppe.
 25973 | Snake:3  | Found Pootan's Jewellery Boutique.
 26515 | Snake:3  | Identified the +7 arbalest of the Valley of Death
                  | {antimagic, rF+ rC+ rCorr}
 26617 | Snake:4  | Entered Level 4 of the Snake Pit
 26757 | Snake:4  | Reached XP level 19. HP: 123/155 MP: 12/19
 27209 | Snake:4  | Noticed Vashnia
 27228 | Snake:4  | Banished Vashnia
 27391 | Snake:4  | Reached skill level 10 in Shields
 27587 | Snake:4  | Got a serpentine rune of Zot
 28231 | Elf:1    | Entered Level 1 of the Elven Halls
 28354 | Elf:1    | Got the Elucidation of the Swarm
 28601 | Elf:1    | Found a magical portal.
 28611 | WizLab   | Entered Maxwell's Workshop
 28696 | WizLab   | Found the +15 Maxwell's patent armour {-Cast -Tele rElec
                  | Will+ rCorr}
 28723 | WizLab   | Reached XP level 20. HP: 162/162 MP: 17/20
 28751 | WizLab   | Identified the ring "Biaf" {Fire Will+ Int-2 Dex+3}
 28949 | WizLab   | Found the +2 Maxwell's thermic engine {flame, freeze, rev}
 28952 | WizLab   | Identified the +5 shortbow "Mewian" {freeze, Will+ Dex+2}
 28992 | WizLab   | Noticed an electric golem
 29015 | WizLab   | Killed an electric golem
 29030 | WizLab   | Identified the +3 ring mail of Anaesthesia {^Drain rC+
                  | Regen+ Int+3 Dex+4}
 29519 | Elf:1    | Found a runed translucent door.
 29880 | Elf:2    | Found a frozen archway.
 29933 | IceCv    | Entered an ice cave
 30053 | IceCv    | Found a transporter.
 30079 | IceCv    | Found a transporter.
 30268 | Elf:1    | Found an ancient bone altar of Kikubaaqudgha.
 30314 | Elf:2    | Found a runed translucent gate.
 30315 | Elf:2    | Found a runed translucent gate.
 30315 | Elf:2    | Found a runed translucent gate.
 30328 | Elf:2    | Found a runed translucent gate.
 30332 | Elf:2    | Found a runed translucent gate.
 30332 | Elf:2    | Found a runed translucent gate.
 30611 | Elf:2    | Noticed Agnes
 30628 | Elf:2    | Killed Agnes
 30776 | Elf:3    | Entered Level 3 of the Elven Halls
 31212 | Elf:3    | Found Hal Guge's Distillery.
 31220 | Elf:3    | Bought a potion of might for 68 gold pieces
 31220 | Elf:3    | Bought a potion of heal wounds for 85 gold pieces
 31220 | Elf:3    | Bought a potion of haste for 170 gold pieces
 31308 | Elf:3    | Found The Oracle's Delphic Readings.
 31312 | Elf:3    | Bought a scroll of immolation for 72 gold pieces
 31622 | Elf:3    | Reached XP level 21. HP: 168/168 MP: 18/21
 31712 | Elf:3    | Identified the +5 ring mail of Integrity {Dex+2}
 31819 | Elf:3    | Identified the +1 dagger "Zugogu Couco" {elec, *Noise rPois
                  | rN++ Str+3}
 31821 | Elf:3    | Identified the +6 glaive of the Irksome God {heavy, rN+
                  | Will+ Str+3}
 32084 | Vaults:1 | Entered Level 1 of the Vaults
 32087 | Vaults:1 | Bought the ring of Kudea {rF+ rN+ Will+ rCorr Dex-5} for
                  | 599 gold pieces
 32850 | Vaults:1 | Reached skill level 15 in Shields
 33353 | Vaults:2 | Identified the +0 robe "Qear" {Regen+ Int+2 Dex-4}
 33648 | Vaults:2 | Found Vuatay's Weapon Emporium.
 34114 | Vaults:2 | Found a staircase to the Crypt.
 34157 | Vaults:2 | Found a runed translucent door.
 34157 | Vaults:2 | Noticed Kauz's ghost (adept HOBr)
 34183 | Vaults:2 | Banished Kauz's ghost
 34184 | Vaults:2 | Reached XP level 22. HP: 175/175 MP: 20/22
 34232 | Vaults:2 | Reached skill level 16 in Fighting
 34232 | Vaults:2 | Reached XP level 23. HP: 184/184 MP: 23/23
 34708 | Vaults:3 | Noticed Mennas
 34752 | Vaults:3 | Reached skill level 17 in Fighting
 34756 | Vaults:3 | Killed Mennas
 35479 | Vaults:4 | Found Cireasch's Book Shop.
 35818 | Vaults:4 | Reached skill level 18 in Fighting
 36096 | Vaults:4 | Found Loiq Mir's General Store.
 36640 | Vaults:5 | Entered Level 5 of the Vaults
 36687 | Vaults:5 | Reached skill level 19 in Fighting
 36864 | Vaults:5 | Noticed a golden dragon
 36865 | Vaults:5 | Identified the +10 shortbow of Ointment {antimagic, Int+4}
 36900 | Vaults:5 | Killed a golden dragon
 36901 | Vaults:5 | Reached skill level 20 in Fighting
 36925 | Vaults:5 | Noticed a dread lich
 36961 | Vaults:5 | Noticed Jory
 36964 | Vaults:5 | Banished a dread lich
 36991 | Vaults:5 | Noticed an ancient lich
 36994 | Vaults:5 | Killed an ancient lich
 36995 | Vaults:5 | Reached XP level 24. HP: 117/206 MP: 5/23
 37007 | Vaults:5 | Reached skill level 21 in Fighting
 37225 | Vaults:5 | Found Sadgh's Book Boutique.
 37265 | Vaults:5 | Identified the +8 falchion of Zefuij {drain, ^Fragile rElec
                  | rN+++ Str+2}
 37444 | Vaults:5 | Identified the +6 sling of the Past {antimagic, Str+3}
 37664 | Vaults:5 | Got a silver rune of Zot
 37718 | Vaults:5 | Reached skill level 22 in Fighting
 37789 | Vaults:5 | Acquired 969 gold pieces
 38264 | Vaults:5 | Banished Jory
 38330 | Vaults:5 | Identified the +1 plate armour "Puraffur" {Fly rPois
                  | Will+++ Int-4}
 38332 | Vaults:5 | Identified the ring "Qyjic" {Wiz rC+ Int+6}
 38585 | Depths:1 | Entered Level 1 of the Depths
 38758 | Depths:1 | Found a one-way gate leading to the halls of Pandemonium.
 38889 | Depths:1 | Acquired the +0 helmet of Cefer {rN+ Int+2}
 39109 | Depths:3 | Reached skill level 23 in Fighting
 39239 | Depths:4 | Entered Level 4 of the Depths
 39385 | Depths:4 | Found Ojud's Antique Weapon Boutique.
 39387 | Depths:4 | Found Suentontih's General Store.
 39389 | Depths:4 | Found Lunt's Book Boutique.
 39389 | Depths:4 | Noticed a juggernaut
 39398 | Depths:4 | Killed a juggernaut
 39553 | Depths:4 | Reached skill level 24 in Fighting
 39691 | Depths:4 | Found a gate to the Realm of Zot.
 39700 | Zot:1    | Entered Level 1 of the Realm of Zot
 39849 | Zot:1    | Reached XP level 25. HP: 225/225 MP: 21/23
 39957 | Zot:3    | Noticed an orb of fire
 39974 | Zot:3    | Gained mutation: You do not regenerate when monsters are
                  | visible. [an orb of fire]
 39983 | Zot:3    | Lost mutation: You do not regenerate when monsters are
                  | visible. [potion of mutation]
 39983 | Zot:3    | Gained mutation: You are dopey. (Int -2) [potion of
                  | mutation]
 39983 | Zot:3    | Gained mutation: You occasionally shout uncontrollably at
                  | your foes. [potion of mutation]
 39984 | Zot:3    | Lost mutation: You are dopey. (Int -2) [potion of mutation]
 39984 | Zot:3    | Lost mutation: You occasionally shout uncontrollably at
                  | your foes. [potion of mutation]
 39984 | Zot:3    | Gained mutation: Your spells are a little harder to cast,
                  | but a little more powerful. [potion of mutation]
 39984 | Zot:3    | Gained mutation: Your muscles are strong. (Str +4, Int/Dex
                  | -1) [potion of mutation]
 39984 | Zot:3    | Gained mutation: You are agile. (Dex +4, Str/Int -1)
                  | [potion of mutation]
 39988 | Zot:3    | Banished an orb of fire
 39989 | Zot:3    | Reached skill level 25 in Fighting
 40161 | Zot:4    | Noticed an orb of fire
 40168 | Zot:4    | Gained mutation: You occasionally lose the ability to drink
                  | potions when taking damage. [an orb of fire]
 40171 | Zot:4    | Killed an orb of fire
 40218 | Zot:4    | Reached skill level 26 in Fighting
 40265 | Zot:5    | Entered Level 5 of the Realm of Zot
 40730 | Zot:5    | Noticed a Killer Klown
 40733 | Zot:5    | Noticed an orb of fire
 40734 | Zot:5    | Noticed a Killer Klown
 40735 | Zot:5    | Noticed an orb of fire
 40736 | Zot:5    | Noticed a dread lich
 40739 | Zot:5    | Noticed an orb of fire
 40741 | Zot:5    | Noticed an ancient lich
 40811 | Zot:5    | Got the Orb of Zot
 40829 | Zot:5    | Killed a dread lich
 40890 | Zot:3    | Reached skill level 27 in Fighting
 40957 | Depths:4 | Noticed Xoxelac the pandemonium lord
 40981 | Depths:4 | Banished Xoxelac the pandemonium lord
 41005 | Depths:4 | Gained mutation: Your magical capacity is low. (-10% MP) [a
                  | neqoxec]
 41007 | Depths:4 | Gained mutation: You do not regenerate when monsters are
                  | visible. [a neqoxec]
 41040 | Depths:3 | Found a one-way gate to the infinite horrors of the Abyss.
 41041 | Depths:3 | Noticed Wozaupt the pandemonium lord
 41048 | Depths:2 | Lost mutation: You occasionally lose the ability to drink
                  | potions when taking damage. [potion of mutation]
 41048 | Depths:2 | Lost mutation: Your magical capacity is low. (-10% MP)
                  | [potion of mutation]
 41048 | Depths:2 | Gained mutation: Your flesh is cold resistant. (rC+)
                  | [potion of mutation]
 41048 | Depths:2 | Gained mutation: You have an increased reservoir of magic.
                  | (+10% MP) [potion of mutation]
 41049 | Depths:2 | Lost mutation: You are agile. (Dex +4, Str/Int -1) [potion
                  | of mutation]
 41049 | Depths:2 | Lost mutation: Your muscles are strong. (Str +4, Int/Dex
                  | -1) [potion of mutation]
 41049 | Depths:2 | Lost mutation: Your flesh is cold resistant. (rC+) [potion
                  | of mutation]
 41049 | Depths:2 | Gained mutation: You possess an exceptional clarity of
                  | mind. [potion of mutation]
 41049 | Depths:2 | Gained mutation: You are strong-willed. (Will+) [potion of
                  | mutation]
 41050 | Depths:2 | Lost mutation: You do not regenerate when monsters are
                  | visible. [potion of mutation]
 41050 | Depths:2 | Lost mutation: You are strong-willed. (Will+) [potion of
                  | mutation]
 41050 | Depths:2 | Gained mutation: Your flesh is heat resistant. (rF+)
                  | [potion of mutation]
 41050 | Depths:2 | Gained mutation: Your muscles are strong. (Str +4, Int/Dex
                  | -1) [potion of mutation]
 41094 | D:15     | Noticed Utoatuo the pandemonium lord
 41336 | D:$      | Escaped with the Orb!

Illustrated notes

Levels and vault maps discovered:
D:1:      matt_arrival_spirals, layout_rooms, hellmonk_ecumenical_altar_blasted,
          wad_floor_pattern_untrapped
D:2:      layout_loops_cross, minmay_domino_4
D:3:      layout_basic, minmay_randomly_rotated_circles, uniq_natasha,
          uniq_crazy_yiuf_cottage
D:4:      layout_basic, nicolae_elyvilon_peaceful_grove,
          dreamdust_princess_corridor, hex_tiny, minmay_pentomino_pile,
          uniq_duvessa
D:5:      layout_gridville, okawaru_trees_1, gammafunk_ghost_split,
          grunt_ministairs_4, kennysheep_nub, nicolae_stop_n_shop_2,
          uniq_grinder, uniq_ijyb, uniq_eustachio, uniq_prince_ribbit1,
          uniq_blork_the_orc
D:6:      layout_rooms, zin_scriptorium, grunt_temple_overflow_diamond,
          serial_shops, shop, grunt_ministairs_7, kennysheep_diamond,
          pf_guarded_unrand_delatra
D:7:      layout_basic, minmay_temple_entry_poolview, enter_bailey_8,
          dreamdust_gnoll_farm, uniq_jeremiah, uniq_pikel
D:8:      layout_loops_ring, erik_lair_orcish_takeover, special_room
          [special_room_orc]
D:9:      layout_big_octagon, kennysheep_mini, minivault_26,
          nicolae_elevator_lobby_plus
D:10:     minmay_skewed_foursquare, layout_basic, hiddenorc1_lemuel,
          nicolae_guarded_unrand_lochaber
D:11:     layout_basic, uniq_maurice
D:12:     layout_basic, serial_aquarium, aquarium_bridge_square
          [aquarium_subvault_bridge, aquarium_subvault_window,
          aquarium_subvault_window, aquarium_subvault_bridge],
          aquarium_window_corner, aquarium_window_1, aquarium_view_2e,
          aquarium_balcony_3b, aquarium_pool_2, serial_shops, bzr_entry_dummy,
          nicolae_trove_entry_isolated
D:13:     layout_roguey, skrybe_vaults_entry_preservation, serial_rivers,
          chequers_serial_rivers_small_b, chequers_serial_rivers_room_b,
          chequers_serial_rivers_large_a, chequers_serial_rivers_micro_e,
          gauntlet_entry_generic, uniq_snorg
D:14:     layout_loops_ring, serial_undead, serial_undead_c, serial_undead_b,
          serial_undead_a, serial_undead_f, serial_undead_e, serial_undead_c,
          serial_undead_f, gammafunk_ghost_necromancy, hangedman_decor_points,
          nrook_guardian_serpent_ordinary
D:15:     grunt_enter_depths_hoard, layout_loops_ring, uniq_nessos
Temple:   bh_familiar_temple
Lair:1:   layout_regular_city, serial_bayou_crossing, serial_bayou_shore_b,
          uniq_fannar, uniq_amaemon, uniq_harold, uniq_erica, uniq_maggie
Lair:2:   layout_cave_pods, elwin_shoals_entry_stream,
          guppyfry_snake_entry_island, basic_altar, tgw_fedhas
Lair:3:   layout_gridlike, grunt_megastairs_5, lemuel_fruit_fields
Lair:4:   layout_misc_corridors
Lair:5:   minmay_lair_end_frog_pond, layout_gridlike, dpeg_slime_entry_enclosed
Shoals:1: layout_shoals
Shoals:2: layout_shoals, uniq_polyphemus, uniq_ilsuiw
Shoals:3: layout_shoals
Shoals:4: shoals_end_grunt_garden, layout_shoals, shoal_ilsuiw
Snake:1:  layout_rooms, serial_shops, nicolae_shop_tiny_statue_garden
Snake:2:  layout_grid_maze
Snake:3:  nicolae_snake_shooting_gallery, layout_layer_cave, minmay_shop_grove,
          lemuel_fruit_tree
Snake:4:  grunt_snake_rune_spirals, layout_onion_interference,
          nicolae_snake_round_shape_thing, uniq_vashnia
Orc:1:    layout_diamond_mine, serial_shops, nicolae_shop_behind_doors,
          nicolae_shop_peninsula, nicolae_shop_behind_doors
Orc:2:    st_orc_mages, layout_caves, basic_altar, special_room, uniq_erolcha,
          uniq_josephine
Elf:1:    layout_gridlike, mu_enter_wizlab_6, minmay_elf_demonology,
          nicolae_danse_macabre, lemuel_upstairs_altar
Elf:2:    nicolae_elf_blades_crystal_corner, layout_onion_city,
          portal_ice_cave_entry_ice_simulacra, nicolae_elf_hall_of_bonks,
          uniq_agnes
Elf:3:    minmay_elf_hall_dome, layout_gridlike, serial_shops, shop,
          nicolae_nh_oracle_at_delphi
Vaults:1: hangedman_vaults_trim, v_alt_pattern_2, hangedman_vaults_river_flow,
          vaults_room_large_hall, v_misc_25, lightli_church_of_beogh,
          nicolae_vaults_door_testing_chamber, hangedman_vaults_snaps,
          nicolae_vaults_house_1, nicolae_vaults_double_plus_1,
          nicolae_vaults_tetromino_Z_2, nicolae_vaults_little_ls,
          layout_vaults_maze_snakey
Vaults:2: hellmonk_ghost_happy_afterlife, hangedman_vaults_corner,
          vaults_mumra_hexcomb, nicolae_vaults_trapezoid_lopsided_4,
          nicolae_vaults_double_plus_3, nicolae_vaults_closet_pinwheel_3,
          v_rooms_3, blue_anna_dwarven_crypt, vaults_dpeg_diagonal,
          layout_vaults_big_room, serial_shops, nicolae_diamond_shop
Vaults:3: hangedman_vaults_slice, vaults_room_boxed, nicolae_vaults_wine_cellar,
          hangedman_vaults_stagger, hangedman_vaults_locks,
          nicolae_vaults_three_branches, v_misc_8, vaults_dpeg_emergency_exit,
          layout_vaults_omnicross, uniq_margery, uniq_mennas
Vaults:4: nicolae_vaults_offset_grid_hallway_3, nicolae_vaults_little_squares_6,
          nicolae_vaults_shelves_hall, nicolae_vaults_little_squares_4,
          nicolae_vaults_rhombus_5, nicolae_vaults_little_squares_6,
          nicolae_vaults_tetromino_T_1, layout_vaults_omnigrid, serial_shops,
          nicolae_shop_tiny_glass, shop
Vaults:5: uniq_jory
Depths:1: layout_basic, nicolae_zig_zag_zippers, grunt_hell_entry_dis_old,
          grunt_pan_entry_spiral, water_boxes_lemuel, minmay_shoptagon
Depths:2: minmay_the_grid_triangle_9x9_recursive_3
          [minmay_the_grid_triangle_9x9_alien,
          minmay_the_grid_triangle_9x9_thin_v,
          minmay_the_grid_triangle_9x9_warning,
          minmay_the_grid_triangle_9x9_prize_insulated,
          minmay_the_grid_triangle_9x9_wacky_v,
          minmay_the_grid_triangle_9x9_impossible_snake,
          minmay_the_grid_triangle_9x9_sparse_checkered,
          minmay_the_grid_triangle_9x9_minimal,
          minmay_the_grid_triangle_9x9_negative_grid], layout_gridlike,
          hell_entry, minmay_misc_feat_rugged, abyss_entry, pan_entry,
          infiniplex_staircase_squiggle, uniq_grunn
Depths:3: grunt_twisty_corner, layout_cave_pools, enter_ziggurat_b,
          rand_demon_pan_entry_7, hangedman_abyss_entry_splay, hell_entry,
          ebering_ghost_disaster_area, serial_shops, shop,
          serial_library_hellmonk_room_c, monkooky_shop_alliterative,
          infiniplex_staircase_door_maze
Depths:4: grunt_zot_entry_alcove, layout_basic, pf_vacation_house_of_asmodeus,
          grunt_megastairs_3, minmay_shop_star, uniq_josephina
Zot:1:    layout_misc_corridors, lemuel_baited_zot_trap, grunt_megastairs_2
Zot:2:    layout_cathedral_of_symmetry, st_large_dragon_hoard_4
Zot:3:    layout_onion, zot_minivault_2
Zot:4:    layout_basic, door_vault
Zot:5:    layout_basic

Skill      XL: |  1  2  3  4  5  6  7  8  9 10 11 12 13 14 15 16 17 18 19 20 21 22 23 24 25 |
---------------+----------------------------------------------------------------------------+-----
Polearms       | 3 4 5 6 8 10 11 14 17 19 21 23 24 | 24.3
Fighting       | 4 5 6 7 9 10 12 14 15 16 20 24 27 | 27.0
Dodging        | 4 14 19 23 24 | 24.7
Shields        | 4 6 7 11 14 15 | 15.6
Shapeshifting  | 11 16 19 21 24 | 24.0
Armour         | |  2.1

Action                     |  1- 3 |  4- 6 |  7- 9 | 10-12 | 13-15 | 16-18 | 19-21 | 22-24 | 25-27 || total
---------------------------+-------+-------+-------+-------+-------+-------+-------+-------+-------++-------
  Melee: Trident           |    79 |   116 |   285 |   716 |   971 |       |       |       |       ||  2167
         Unarmed           |       |       |       |       |    15 |       |       |       |       ||    15
         Demon trident     |       |       |       |       |   183 |  1328 |  1424 |  1182 |   343 ||  4460
  Throw: Dart              |       |       |       |     1 |       |       |       |       |       ||     1
 Invoke: Call Merchant     |       |       |       |       |     3 |       |     2 |       |       ||     5
         Bribe Branch      |       |       |       |       |       |       |       |       |     3 ||     3
  Evoke: Wand              |       |       |     6 |    22 |     4 |     1 |     3 |     3 |     8 ||    47
    Use: Scroll            |     6 |     1 |     5 |    17 |    12 |     6 |     1 |    10 |    15 ||    73
         Potion            |       |       |     1 |     6 |     3 |     1 |       |     7 |     9 ||    27
   Stab: Distracted        |       |     2 |       |    15 |    25 |    11 |     8 |     3 |     5 ||    69
         Invisible         |       |       |       |    10 |       |       |       |       |       ||    10
         Confused          |       |       |       |       |     1 |       |       |       |       ||     1
         Petrified         |       |       |       |       |     3 |       |       |       |       ||     3
         Petrifying        |       |       |       |       |     1 |     1 |       |       |       ||     2
 Armour: Scale mail        |    38 |    47 |    92 |    93 |       |       |       |       |       ||   270
         Plate armour      |       |       |       |   237 |   488 |       |       |       |       ||   725
         Skin              |       |       |       |       |    12 |   188 |   613 |   683 |   236 ||  1732
         Pearl dragon scal |       |       |       |       |    76 |       |       |       |       ||    76
         Quicksilver drago |       |       |       |       |    13 |   225 |       |       |       ||   238
  Dodge: Dodged            |    23 |    20 |    43 |    71 |   209 |   638 |   860 |   602 |   268 ||  2734
  Block: Buckler           |    12 |    18 |    44 |   147 |   258 |   183 |       |       |       ||   662
         Kite shield       |       |       |       |       |       |   190 |   411 |       |       ||   601
         Tower shield      |       |       |       |       |       |       |   656 |  1185 |   401 ||  2242
   Form: Statue            |       |       |       |       |       |     1 |       |       |       ||     1

Table legend: (Time is in decaauts)
 A = Elapsed time spent in this place.
 B = Non-inter-level travel time spent in this place.
 C = Inter-level travel time spent in this place.
 D = Time resting spent in this place.
 E = Time spent auto-exploring this place.
 F = Levels seen in this place.
 G = Mean time per level.
                   A        B        C        D        E       F      G
               +--------+--------+--------+--------+--------+-----+--------+
         Total |  47284 |  40818 |   6466 |   1041 |  28335 |  53 |  892.2 |
       Dungeon |  13649 |  10510 |   3139 |     72 |   8052 |  15 |  909.9 |
        Temple |    139 |      3 |    136 |      0 |      0 |   1 |  139.0 |
          Lair |   5025 |   4482 |    543 |     62 |   3257 |   5 | 1005.0 |
        Shoals |   2518 |   2252 |    266 |     47 |   1515 |   4 |  629.5 |
     Snake Pit |   5303 |   4975 |    328 |     16 |   3649 |   4 | 1325.8 |
  Orcish Mines |   1810 |   1346 |    464 |    107 |    809 |   2 |  905.0 |
   Elven Halls |   4127 |   3616 |    511 |     69 |   2649 |   3 | 1375.7 |
        Vaults |   9084 |   8600 |    484 |     40 |   6358 |   5 | 1816.8 |
        Depths |   1681 |   1376 |    305 |     64 |    641 |   4 |  420.2 |
           Zot |   1669 |   1383 |    286 |    317 |    418 |   5 |  333.8 |
        Bazaar |    125 |    125 |      0 |      0 |    103 |   1 |  125.0 |
        Bailey |    341 |    341 |      0 |     16 |    128 |   1 |  341.0 |
      Ice Cave |    232 |    232 |      0 |    123 |      0 |   1 |  232.0 |
        Wizlab |    999 |    999 |      0 |      4 |    516 |   1 |  999.0 |
      Gauntlet |    574 |    574 |      0 |    100 |    237 |   1 |  574.0 |
               +--------+--------+--------+--------+--------+-----+--------+

Top non-repeatable levels by time:
Vaults:5: 2412 daAuts
 Snake:4: 1966 daAuts
Vaults:3: 1729 daAuts
Vaults:4: 1721 daAuts
Vaults:1: 1688 daAuts
   Elf:3: 1642 daAuts
Vaults:2: 1531 daAuts
 Snake:2: 1482 daAuts
    D:10: 1384 daAuts
   Elf:2: 1353 daAuts
 Snake:3: 1273 daAuts
  Lair:1: 1257 daAuts
     D:8: 1161 daAuts
     D:7: 1153 daAuts
   Elf:1: 1131 daAuts
